 Dungeon Crawl Stone Soup version 0.31-a0-263-ge8cad7f256 (webtiles) character file.

Game seed: 7633212400592393539

101 qw the Shooter (level 4, -1/36 HPs)
             Began as a Minotaur Hexslinger on July 13, 2023.
             Slain by a lemure (3 damage)
             ... led by Pikel
             ... on level 4 of the Dungeon.
             The game lasted 00:00:49 (2413 turns).

qw the Shooter (Minotaur Hexslinger)                Turns: 2413, Time: 00:00:50

Health: -1/36      AC:  6    Str: 13    XL:     4   Next: 48%
Magic:  4/4        EV: 12    Int: 10    God:
Gold:   133        SH:  0    Dex: 14    Spells: 4/5 levels left

rFire   . . .        Y - +1 sling (drain)
rCold   . . .        (no shield)
rNeg    . . .        b - +3 leather armour
rPois   .            (helmet restricted)
rElec   .            (no cloak)
rCorr   .            (no gloves)
SInv    .            (no boots)
Will    .....        i - amulet of the acrobat
Stlth   +            (no ring)
HPRegen 0.26/turn    (no ring)
MPRegen 0.09/turn

%: acrobat
@: no status effects
A: horns 2, retaliatory headbutt
a: no special abilities


You were on level 4 of the Dungeon.
You visited 1 branch of the dungeon, and saw 4 of its levels.

You collected 133 gold pieces.


Innate Abilities, Weirdness & Mutations

You have a pair of horns on your head.
You reflexively headbutt those who attack you in melee.


   Skills:
 - Level 2.0 Fighting
 + Level 4.8 Ranged Weapons
 - Level 1.3 Armour
 - Level 2.1 Dodging
 - Level 1.0 Spellcasting
 - Level 2.0 Hexes


You had 4 spell levels left.
You knew the following spells:

 Your Spells              Type           Power      Damage    Failure   Level
a - Slow                  Hex            16%        N/A       19%         1

Your spell library contained the following spells:

 Spells                   Type           Power      Damage    Failure   Level
 Inner Flame              Hex/Fire       2%         N/A       65%         3
 Portal Projectile        Hex/Tloc       4%         N/A       65%         3
 Cause Fear               Hex            2%         N/A       88%         4

Inventory:

Hand Weapons
 Y - a +1 sling of draining (weapon)
Armour
 b - a +3 leather armour (worn)
Jewellery
 i - an amulet of the acrobat (around neck)
Potions
 a - a potion of curing {unknown}
 c - a potion of attraction {unknown}
 e - 2 potions of might
 f - a potion of magic {unknown}
 h - a potion of haste {unknown}

Dungeon Overview and Level Annotations

Branches:
Dungeon (4/15)
 Temple: D:4-7

Altars:
Hepliaklqana

Annotations:
D:4 Pikel


Message History

Pikel barely misses you. The lemure closely misses you.
You shoot a sling bullet. The sling bullet hits the lemure.
The lemure is severely wounded.
Pikel misses you. The lemure hits you! The lemure barely misses you.
Pikel barely misses you.
You shoot a sling bullet.
The sling bullet closely misses the lemure.
Pikel hits you with a +1 whip of freezing.
Pikel freezes you. The lemure hits you.
You shoot a sling bullet.
The sling bullet closely misses the lemure.
Pikel hits you but does no damage. The lemure completely misses you.
You shoot a sling bullet.
The sling bullet hits the lemure but does no damage.
The lemure is severely wounded.
Pikel closely misses you. The lemure closely misses you.
You shoot a sling bullet. The sling bullet hits the lemure.
The lemure is almost dead.
Pikel hits you with a +1 whip of freezing.
Pikel freezes you. The lemure barely misses you.
You shoot a sling bullet. The sling bullet misses the lemure.
Pikel hits you with a +1 whip of freezing.
Pikel freezes you. The lemure barely misses you.
You shoot a sling bullet.
The sling bullet hits the lemure but does no damage.
The lemure is almost dead.
Pikel hits you with a +1 whip of freezing.
Pikel freezes you. The lemure hits you.
Pikel hits you with a +1 whip of freezing.
Pikel freezes you. The lemure hits you.
You shoot a sling bullet. The sling bullet hits the lemure.
You kill the lemure!
That felt strangely unrewarding.
Pikel closely misses you.
You shoot a sling bullet. The sling bullet barely misses Pikel.
The sling bullet hits the lemure.
The lemure is lightly wounded.
Pikel hits you with a +1 whip of freezing.
Pikel freezes you. The lemure hits you.
You die...

######
###....##
###.......##
#...<......#
#..........##
#.........##.#
##.....#####@#
####### #K5..#
55##....# ..##
#... ..# ..
..# ..# ..#


You could see Pikel (very drained) and 3 lemures.

Vanquished Creatures
  A lemure (D:4)
  4 adders
  A worm (D:2)
  A dart slug (D:1)
  An orc (D:3)
  5 endoplasms
  5 giant cockroaches
  5 goblins
  8 hobgoblins
  4 jackals (D:2)
  3 quokkas
  3 bats
  3 frilled lizards
  7 kobolds
  6 rats
57 creatures vanquished.

Notes
Turn   | Place    | Note
-------+----------+-------------------------------------------
     0 | D:1      | qw the Minotaur Hexslinger began the quest for the Orb.
     0 | D:1      | Reached XP level 1. HP: 16/16 MP: 1/1
     0 | D:1      | 0 ||| qw: Version: 0.3-a-52-g30416fa
     0 | D:1      | 0 ||| qw: Game counter: 7303
     0 | D:1      | 0 ||| qw: Melee chars always use a shield: true
     0 | D:1      | 0 ||| qw: God list: Okawaru
     0 | D:1      | 0 ||| qw: Allow faded altars: false
     0 | D:1      | 0 ||| qw: Do Orc after clearing Dungeon:15 true
     0 | D:1      | 0 ||| qw: Do second Lair branch before Depths: true
     0 | D:1      | 0 ||| qw: Lair rune preference: random
     0 | D:1      | 0 ||| qw: Goals: Normal
     0 | D:1      | 0 ||| PLANNING D:1-11
   118 | D:1      | Reached skill level 3 in Ranged Weapons
   118 | D:1      | Reached XP level 2. HP: 13/23 MP: 2/2
   391 | D:1      | 391 ||| FLEEEEING.
   392 | D:1      | 392 ||| FLEEEEING.
   558 | D:1      | 558 ||| UPGRADING to +0 ring mail.
   568 | D:1      | 568 ||| DROPPING +0 robe.
   569 | D:1      | 569 ||| UPGRADING to amulet of the acrobat.
   574 | D:1      | 574 ||| READING scroll labelled SUTEGU LINA.
   575 | D:1      | 575 ||| READING scroll labelled GIZ YBEUKHO.
   576 | D:1      | 576 ||| DRINKING 3 lumpy brown potions.
   577 | D:1      | 577 ||| DROPPING scroll of poison.
   764 | D:2      | Reached XP level 3. HP: 29/29 MP: 3/3
   845 | D:2      | Found a hazy altar of Hepliaklqana.
   905 | D:2      | Reached skill level 4 in Ranged Weapons
   957 | D:2      | Reached skill level 1 in Armour
  1488 | D:2      | 1488 ||| UPGRADING to +3 leather armour.
  1498 | D:2      | 1498 ||| DROPPING +0 ring mail.
  1590 | D:3      | Reached XP level 4. HP: 36/36 MP: 4/4
  2337 | D:3      | 2337 ||| DROPPING scarf of harm.
  2338 | D:3      | 2338 ||| READING scroll labelled KOFORGHAXYL.
  2342 | D:3      | 2342 ||| READING scroll labelled EDAPSA OMNU.
  2393 | D:4      | Noticed a lemure
  2394 | D:4      | Noticed Pikel
  2394 | D:4      | Noticed a lemure
  2395 | D:4      | Noticed a lemure
  2397 | D:4      | Noticed a lemure
  2411 | D:4      | HP: 7/36 [lemure[Pikel] (4)]
  2412 | D:4      | Killed a lemure
  2413 | D:4      | HP: 3/36 [Pikel/+1 whip of freezing (2)]
  2413 | D:4      | Slain by a lemure

Levels and vault maps discovered:
D:1:      scummos_arrival_simple_crosswalls, layout_basic
D:2:      layout_basic, basic_altar
D:3:      layout_loops_corners
D:4:      layout_cave_pods, minmay_temple_entry_junction,
          kennysheep_pointless_box, uniq_edmund, uniq_ijyb, uniq_pikel

Skill      XL: |  1  2  3 |
---------------+----------+-----
Ranged Weapons | 3 4 |  4.8
Fighting       | 2 |  2.0
Armour         | 1 |  1.3
Dodging        | |  2.1
Spellcasting   | |  1.0
Hexes          | |  2.0

Action                     |  1- 3 |  4- 6 || total
---------------------------+-------+-------++-------
   Fire: Sling             |   125 |    73 ||   198
    Use: Scroll            |     2 |     2 ||     4
         Potion            |     1 |       ||     1
 Armour: Ring mail         |    29 |       ||    29
         Leather armour    |       |    13 ||    13
  Dodge: Dodged            |    43 |    27 ||    70

Table legend:
 A = Non-vault XP
 B = Vault XP
 C = Vault XP percentage of total XP
 D = Non-vault monster count
 E = Vault monster count
 F = Vault count percentage of total count
                 A         B        C        D         E       F
            +---------+---------+-------+---------+---------+-------
      Total |     145 |       0 |   0.0 |      56 |       0 |   0.0
            +---------+---------+-------+---------+---------+-------
        D:1 |      26 |       0 |   0.0 |      17 |       0 |   0.0
        D:2 |      59 |       0 |   0.0 |      19 |       0 |   0.0
        D:3 |      58 |       0 |   0.0 |      19 |       0 |   0.0
        D:4 |       2 |       0 |   0.0 |       1 |       0 |   0.0
            +---------+---------+-------+---------+---------+-------
